 Dungeon Crawl Stone Soup version 0.29.1-2-gbd0b4ee654 (webtiles) character file.

Game seed: 16810775528894485728

5 qeuew the Conjurer (level 1, 0/13 HPs)
             Began as a Human Conjurer on Nov 4, 2022.
             Slain by a jackal (3 damage)
             ... on level 1 of the Dungeon.
             The game lasted 00:00:28 (111 turns).

qeuew the Conjurer (Human Conjurer)                  Turns: 111, Time: 00:00:29

Health: 0/13       AC:  2    Str:  7    XL:     1   Next: 88%
Magic:  1/3        EV: 12    Int: 18    God:
Gold:   0          SH:  0    Dex: 11    Spells: 3/4 levels left

rFire   . . .      SeeInvis .   (no weapon)
rCold   . . .      Faith    .   (no shield)
rNeg    . . .      Spirit   .   a - +0 robe
rPois   .          Reflect  .   (no helmet)
rElec   .          Harm     .   (no cloak)
rCorr   .          Rampage  .   (no gloves)
Will    .....                   (no boots)
Stlth   ++........              (no amulet)
HPRegen 0.04/turn               (no ring)
MPRegen 0.08/turn               (no ring)

@: no status effects
A: no striking features
a: no special abilities


You were on level 1 of the Dungeon.
You visited 1 branch of the dungeon, and saw 1 of its levels.

Inventory:

Armour
 a - a +0 robe (worn)
Potions
 b - a potion of magic


   Skills:
 * Level 0.5 Armour
 * Level 2.0 Dodging
 - Level 2.0 Stealth
 * Level 2.0 Spellcasting
 + Level 4.1 Conjurations


You had 3 spell levels left.
You knew the following spells:

 Your Spells              Type           Power      Damage    Failure   Level
a - Magic Dart            Conj           64%        1d6       3%          1

Your spell library contained the following spells:

 Spells                   Type           Power      Damage    Failure   Level
 Searing Ray              Conj           32%        2d5       4%          2
 Dazzling Flash           Conj/Hex       18%        N/A       22%         3
 Fulminant Prism          Conj/Hex       4%         3d6       58%         4
 Iskenderun's Mystic Bla  Conj/Tloc      9%         2d4       58%         4


Dungeon Overview and Level Annotations

Branches:
Dungeon (1/15)

Altars:


Message History

You miss the jackal.
The jackal is almost dead.
The jackal barks!
The bat barely misses you. The jackal misses you. The jackal bites you.
The jackal barks!
You hit the jackal but do no damage.
The jackal is almost dead.
The jackal bites you. The jackal misses you. The bat closely misses you.
The jackal closely misses you. The jackal barely misses you.
The kobold attacks as you move away! The kobold hits you with a +3 whip.
The bat attacks as you move away! The bat hits you but does no damage.
The bat closely misses you.
The jackal bites you but does no damage.
The jackal barely misses you.
The jackal bites you but does no damage.
The bat barely misses you. The bat attacks as you move away!
The bat hits you but does no damage. The jackal attacks as you move away!
The jackal bites you.
* * * LOW HITPOINT WARNING * * *
The bat closely misses you. The jackal closely misses you.
You hit the jackal.
The jackal is heavily wounded.
The jackal closely misses you. The jackal completely misses you.
You hit the jackal.
The jackal is almost dead.
The jackal bites you but does no damage.
You hit the jackal.
You kill the jackal!
The bat barely misses you. The bat closely misses you.
You hit the bat but do no damage. The bat hits you but does no damage.
The jackal barely misses you. The jackal closely misses you.
You closely miss the bat. The bat hits you but does no damage.
The jackal misses you.
You closely miss the bat. The bat closely misses you.
The jackal closely misses you. The bat misses you.
The jackal barely misses you.
You hit the bat.
The bat is severely wounded.
The bat hits you but does no damage. The jackal bites you.
You die...

...........# ###.8.###### #.
#...# #............. #.8.#
#......#...... #...#
............?. #.8.# #.
..hh....... #...# ######.
.....8..8. #.8.#
......h###......... . #...#
#.....@bhK.8...... ..#.>.#
##..######h.........
#.#...##... #..........
#....###.##########..8......
............................
##.......##...####.....8..8.
#.......##.................
#....................#.....
#............).#.#####.....


You could see 3 jackals, a bat and a kobold.

Vanquished Creatures
  An endoplasm (D:1)
  A hobgoblin (D:1)
  A jackal (D:1)
  2 frilled lizards (D:1)
5 creatures vanquished.

Notes
Turn   | Place    | Note
-------+----------+-------------------------------------------
     0 | D:1      | qeuew the Human Conjurer began the quest for the Orb.
     0 | D:1      | Reached XP level 1. HP: 13/13 MP: 3/3
   111 | D:1      | Slain by a jackal

Illustrated notes

Levels and vault maps discovered:
D:1:      lemuel_arrival_hallway, layout_rooms,
          dreamdust_ecumenical_altar_angels_and_demons, minmay_misc_feat_plants

Action                   || total
-------------------------++-------
Melee: Unarmed           ||    12
 Cast: Magic Dart        ||     8
Armor: Robe              ||     9
Dodge: Dodged            ||    24
